 Dungeon Crawl Stone Soup version 0.21.1-1-g345015f (webtiles) character file.

1011 tidbits the Grave Robber (level 8, -1/58 HPs)
             Began as a Gnoll Necromancer on June 29, 2018.
             Was a Follower of Cheibriados.
             Slain by a bullfrog skeleton (4 damage)
             ... on level 7 of the Dungeon.
             The game lasted 00:10:14 (950 turns).

tidbits the Grave Robber (Gnoll Necromancer)         Turns: 950, Time: 00:10:14

Health: -1/58      AC:  2    Str: 19    XL:     8   Next: 21%
Magic:  0/16       EV: 16    Int: 22    God:    Cheibriados [*.....]
Gold:   43         SH:  0    Dex: 19    Spells: 5/18 levels left

rFire    . . .     SeeInvis +   b - +0 flail (protect)
rCold    . . .     Gourm    .   (no shield)
rNeg     . . .     Faith    .   i - +0 robe
rPois    .         Spirit   .   (no helmet)
rElec    .         Reflect  .   (no cloak)
rCorr    .         Harm     .   (no gloves)
MR       .....                  (no boots)
Stlth    +++.......             (no amulet)
HPRegen  0.19/turn              l - ring of see invisible
MPRegen  0.15/turn              (no ring)

@: mighty, berserk cooldown, very slow
A: distributed training, fangs 1, hooves 1, blurry vision 1, strong nose
a: Bend Time, Renounce Religion


You were on level 7 of the Dungeon.
You worshipped Cheibriados.
Cheibriados was aware of your devotion.
You were not hungry.

You visited 2 branches of the dungeon, and saw 8 of its levels.

You collected 43 gold pieces.

Inventory:

Hand Weapons
 a - a +0 dagger
 b - a +0 flail of protection (weapon)
   (You found it on level 5 of the Dungeon)
 o - a +0 glaive
 q - a +0 morningstar
Armour
 i - a +0 robe (worn)
Jewellery
 l - a ring of see invisible (left hand)
   (You found it on level 3 of the Dungeon)
Wands
 r - a wand of iceblast (6)
Scrolls
 e - a scroll of immolation {unknown}
 h - a scroll of amnesia {unknown}
 k - a scroll of noise {unknown}
 m - a scroll of remove curse {unknown}
 p - a scroll of teleportation {unknown}
Books
 n - a book of Necromancy

   Spells                             Type                      Level
   a - Pain                           Necromancy                   1
   b - Animate Skeleton               Necromancy                   1
   c - Vampiric Draining              Necromancy                   3
   d - Regeneration                   Charms/Necromancy            3
   e - Animate Dead                   Necromancy                   4
   f - Borgnjor's Vile Clutch         Necromancy/Earth             5
Comestibles
 c - 4 rations


   Skills:
 + Level 3.0 Fighting
 + Level 3.0 Short Blades
 + Level 3.0 Long Blades
 + Level 3.0 Axes
 + Level 3.0 Maces & Flails
 + Level 3.0 Polearms
 + Level 3.0 Staves
 + Level 3.0 Slings
 + Level 3.0 Bows
 + Level 3.0 Crossbows
 + Level 3.0 Throwing
 + Level 3.0 Armour
 + Level 5.5 Dodging
 + Level 5.2 Stealth
 + Level 3.0 Shields
 + Level 3.0 Unarmed Combat
 + Level 5.9 Spellcasting
 + Level 2.4 Conjurations
 + Level 2.4 Hexes
 + Level 2.4 Charms
 + Level 2.4 Summonings
 + Level 7.5 Necromancy
 + Level 2.4 Translocations
 + Level 2.4 Transmutations
 + Level 2.4 Fire Magic
 + Level 2.4 Ice Magic
 + Level 2.4 Air Magic
 + Level 2.4 Earth Magic
 + Level 2.4 Poison Magic
 + Level 3.3 Invocations
 + Level 3.0 Evocations


You had 5 spell levels left.
You knew the following spells:

 Your Spells              Type           Power        Failure   Level  Hunger
a - Pain                  Necr           ####         1%          1    None
d - Vampiric Draining     Necr           #####.....   1%          3    #......
n - Animate Skeleton      Necr           N/A          1%          1    None
r - Regeneration          Chrm/Necr      ####......   3%          3    #......
v - Borgnjor's Vile Clut  Necr/Erth      ####......   32%         5    #####..


Dungeon Overview and Level Annotations

Branches:
Dungeon (7/15)             Temple (1/1) D:5

Altars:
Ashenzari
Cheibriados
Dithmenos
Elyvilon
Fedhas
Gozag
Kikubaaqudgha
Makhleb
Okawaru
Qazlal
Sif Muna
Trog
Uskayaw
Vehumet
Wu Jian
Xom
Yredelemnul
Zin
The Shining One


Innate Abilities, Weirdness & Mutations

Your experience applies equally to all skills.
You have very sharp teeth.
Your uncanny sense of smell can sniff out nearby items.
You have large cloven feet.
Scrolls take you a little longer to read.


Message History

The kobold hits you but does no damage. The sky beast misses you.
The kobold barely misses you.
Casting: Vampiric Draining
Confirm with . or Enter, or press ? or * to list all spells.
Aiming: Pain
Press: ? - help, Shift-Dir - straight line, f/p - sky beast
Aim: a sky beast (severely wounded, chance to defeat MR: 84%)
The sky beast writhes in agony!
The sky beast flickers out of sight for a moment.
The sky beast closely misses you. The kobold closely misses you.
The sky beast closely misses you. The kobold barely misses you.
You hit the sky beast but do no damage.
The sky beast is almost dead.
The sky beast hits you but does no damage.
The kobold hits you with a dagger.
* * * LOW HITPOINT WARNING * * *
The sky beast hits you.
* * * LOW HITPOINT WARNING * * *
The sky beast shocks you.
* * * LOW HITPOINT WARNING * * *
The kobold closely misses you.
You feel better.
The sky beast flickers out of sight for a moment.
The sky beast closely misses you. The kobold hits you but does no damage.
You feel very mighty all of a sudden. The sky beast barely misses you.
The kobold misses you. The sky beast barely misses you.
The kobold hits you with a dagger.
* * * LOW HITPOINT WARNING * * *
You sock the sky beast!
Your weapon exudes an aura of protection.
You kill the sky beast!
Cheibriados appreciates the change of pace.
You have reached level 8!
You feel agile. The kobold barely misses you.
You hit the kobold.
You kill the kobold!
Cheibriados thoroughly appreciates the change of pace.
Cheibriados raises the support of your attributes as your movement slows.
The kobold completely misses you.
You closely miss the kobold.
You kill the kobold!
Cheibriados thoroughly appreciates the change of pace.
The sky beast flickers out of sight for a moment.
The sky beast closely misses you.
You barely miss the sky beast. The sky beast hits you.
* * * LOW HITPOINT WARNING * * *
The sky beast shocks you.
* * * LOW HITPOINT WARNING * * *
The sky beast closely misses you.
Casting: Pain
Confirm with . or Enter, or press ? or * to list all spells.
Aiming: Pain
Press: ? - help, Shift-Dir - straight line, f - sky beast
Aim: a sky beast (slightly transparent, chance to defeat MR: 84%)
The sky beast writhes in agony!
The sky beast closely misses you. The sky beast hits you.
* * * LOW HITPOINT WARNING * * *
The sky beast shocks you.
* * * LOW HITPOINT WARNING * * *
You aren't carrying any potions.
Unknown command.
Casting: Pain
Confirm with . or Enter, or press ? or * to list all spells.
Aiming: Pain
Press: ? - help, Shift-Dir - straight line, f/p - sky beast
Aim: a sky beast (moderately wounded, slightly transparent, chance to defeat MR: 84%)
The sky beast barely resists.
The sky beast misses you.
You thump the sky beast!
Your weapon exudes an aura of protection.
Your kick misses the sky beast.
The sky beast is almost dead.
The sky beast closely misses you. The sky beast misses you.
Casting: Pain
Confirm with . or Enter, or press ? or * to list all spells.
Aiming: Pain
Press: ? - help, Shift-Dir - straight line, f/p - sky beast
Aim: a sky beast (almost dead, slightly transparent, chance to defeat MR: 84%)
The sky beast writhes in agony!
You feel yourself speed up.
The sky beast hits you but does no damage.
You closely miss the sky beast.
You kill the sky beast!
Cheibriados appreciates the change of pace.
Your Fighting skill increases to level 3!
Your Short Blades skill increases to level 3!
Your Long Blades skill increases to level 3!
Your Axes skill increases to level 3!
Your Maces & Flails skill increases to level 3!
Your Polearms skill increases to level 3!
Your Staves skill increases to level 3!
Your Slings skill increases to level 3!
Your Bows skill increases to level 3!
Your Crossbows skill increases to level 3!
Your Throwing skill increases to level 3!
Your Armour skill increases to level 3!
Your Shields skill increases to level 3!
Your Unarmed Combat skill increases to level 3!
Your Evocations skill increases to level 3!
The bullfrog skeleton hits you.
You die...

. .. ..Y ###. ∆
....#### #...
.......## ###..#
#..###...
##...#(######### ∆
#.......rZ@†.(#
#.###########..!..
∆...# #.. #.....
...#### ..## ..#
..# ..#


You could see a quokka and a bullfrog skeleton.

Vanquished Creatures
  An orc warrior (D:6)
  2 sky beasts (D:7)
  A necrophage (D:6)
  An ogre (D:7)
  A big kobold (D:7)
  2 bullfrogs
  A scorpion (D:6)
  2 howler monkeys (D:7)
  A hound (D:5)
  2 orc priests (D:6)
  An iguana (D:6)
  2 worker ants
  A hound skeleton (D:5)
  5 adders
  A howler monkey skeleton (D:7)
  An ooze (D:2)
  An adder skeleton (D:5)
  A worm (D:2)
  A dart slug (D:3)
  3 orcs (D:6)
  A giant cockroach (D:4)
  2 goblins
  A hobgoblin (D:2)
  3 kobolds
  A quokka (D:3)
  2 bats (D:2)
  A frilled lizard (D:3)
  A rat (D:2)
43 creatures vanquished.

Vanquished Creatures (collateral kills)
  An orc (D:6)
  A rat (D:2)
2 creatures vanquished.

Grand Total: 45 creatures vanquished

Notes
Turn   | Place    | Note
-------+----------+-------------------------------------------
     0 | D:1      | tidbits the Gnoll Necromancer began the quest for the Orb.
     0 | D:1      | Reached XP level 1. HP: 13/13 MP: 6/6
    32 | D:1      | You fall through a shaft!
    65 | D:2      | Reached XP level 2. HP: 14/20 MP: 3/7
    68 | D:2      | Learned a level 1 spell: Animate Skeleton
   176 | D:3      | Reached XP level 3. HP: 10/25 MP: 1/9
   181 | D:3      | Learned a level 3 spell: Vampiric Draining
   185 | D:3      | Learned a level 3 spell: Regeneration
   207 | D:2      | Found a deep blue altar of Sif Muna.
   213 | D:2      | Found an iron altar of Okawaru.
   213 | D:2      | Found an ornate altar of the Wu Jian Council.
   213 | D:2      | Found a basalt altar of Yredelemnul.
   214 | D:2      | Found a stormy altar of Qazlal.
   216 | D:2      | Found an ancient bone altar of Kikubaaqudgha.
   272 | D:3      | Reached skill level 5 in Spellcasting
   311 | D:4      | Reached skill level 1 in Fighting
   311 | D:4      | Reached skill level 1 in Short Blades
   311 | D:4      | Reached skill level 1 in Long Blades
   311 | D:4      | Reached skill level 1 in Axes
   311 | D:4      | Reached skill level 1 in Maces & Flails
   311 | D:4      | Reached skill level 1 in Polearms
   311 | D:4      | Reached skill level 1 in Staves
   311 | D:4      | Reached skill level 1 in Slings
   311 | D:4      | Reached skill level 1 in Bows
   311 | D:4      | Reached skill level 1 in Crossbows
   311 | D:4      | Reached skill level 1 in Throwing
   311 | D:4      | Reached skill level 1 in Armour
   311 | D:4      | Reached skill level 1 in Shields
   311 | D:4      | Reached skill level 1 in Unarmed Combat
   311 | D:4      | Reached skill level 1 in Invocations
   311 | D:4      | Reached skill level 1 in Evocations
   346 | D:5      | Entered Level 5 of the Dungeon
   352 | D:5      | Reached XP level 4. HP: 21/32 MP: 1/11
   366 | D:5      | Found a shattered altar of Ashenzari.
   490 | D:5      | Found a staircase to the Ecumenical Temple.
   494 | Temple   | Entered the Ecumenical Temple
   528 | Temple   | Became a worshipper of Cheibriados the Contemplative
   562 | D:5      | Reached skill level 1 in Conjurations
   562 | D:5      | Reached skill level 1 in Hexes
   562 | D:5      | Reached skill level 1 in Charms
   562 | D:5      | Reached skill level 1 in Summonings
   562 | D:5      | Reached skill level 1 in Translocations
   562 | D:5      | Reached skill level 1 in Transmutations
   562 | D:5      | Reached skill level 1 in Fire Magic
   562 | D:5      | Reached skill level 1 in Ice Magic
   562 | D:5      | Reached skill level 1 in Air Magic
   562 | D:5      | Reached skill level 1 in Earth Magic
   562 | D:5      | Reached skill level 1 in Poison Magic
   628 | D:6      | Noticed an orc warrior
   635 | D:6      | Killed an orc warrior
   635 | D:6      | Reached XP level 5. HP: 22/37 MP: 12/12
   638 | D:6      | Reached XP level 6. HP: 27/44 MP: 13/13
   717 | D:6      | Reached skill level 2 in Invocations
   731 | D:6      | Learned a level 5 spell: Borgnjor's Vile Clutch
   753 | D:6      | Reached skill level 2 in Fighting
   753 | D:6      | Reached skill level 2 in Short Blades
   753 | D:6      | Reached skill level 2 in Long Blades
   753 | D:6      | Reached skill level 2 in Axes
   753 | D:6      | Reached skill level 2 in Maces & Flails
   753 | D:6      | Reached skill level 2 in Polearms
   753 | D:6      | Reached skill level 2 in Staves
   753 | D:6      | Reached skill level 2 in Slings
   753 | D:6      | Reached skill level 2 in Bows
   753 | D:6      | Reached skill level 2 in Crossbows
   753 | D:6      | Reached skill level 2 in Throwing
   753 | D:6      | Reached skill level 2 in Armour
   753 | D:6      | Reached skill level 5 in Dodging
   753 | D:6      | Reached skill level 2 in Shields
   753 | D:6      | Reached skill level 2 in Unarmed Combat
   753 | D:6      | Reached skill level 2 in Evocations
   819 | D:6      | Noticed a necrophage
   832 | D:6      | Killed a necrophage
   832 | D:6      | Reached XP level 7. HP: 47/50 MP: 4/15
   897 | D:7      | Reached * piety under Cheibriados
   912 | D:7      | Reached skill level 2 in Conjurations
   912 | D:7      | Reached skill level 2 in Hexes
   912 | D:7      | Reached skill level 2 in Charms
   912 | D:7      | Reached skill level 2 in Summonings
   912 | D:7      | Reached skill level 2 in Translocations
   912 | D:7      | Reached skill level 2 in Transmutations
   912 | D:7      | Reached skill level 2 in Fire Magic
   912 | D:7      | Reached skill level 2 in Ice Magic
   912 | D:7      | Reached skill level 2 in Air Magic
   912 | D:7      | Reached skill level 2 in Earth Magic
   912 | D:7      | Reached skill level 2 in Poison Magic
   917 | D:7      | Gained mutation: Scrolls take you a little longer to read. [potion of mutation]
   917 | D:7      | Gained mutation: You have large cloven feet. [potion of mutation]
   925 | D:7      | Reached skill level 5 in Stealth
   925 | D:7      | Reached skill level 3 in Invocations
   942 | D:7      | Reached XP level 8. HP: 18/57 MP: 1/16
   946 | D:7      | HP: 4/57 [sky beast (6)]
   950 | D:7      | Reached skill level 3 in Fighting
   950 | D:7      | Reached skill level 3 in Short Blades
   950 | D:7      | Reached skill level 3 in Long Blades
   950 | D:7      | Reached skill level 3 in Axes
   950 | D:7      | Reached skill level 3 in Maces & Flails
   950 | D:7      | Reached skill level 3 in Polearms
   950 | D:7      | Reached skill level 3 in Staves
   950 | D:7      | Reached skill level 3 in Slings
   950 | D:7      | Reached skill level 3 in Bows
   950 | D:7      | Reached skill level 3 in Crossbows
   950 | D:7      | Reached skill level 3 in Throwing
   950 | D:7      | Reached skill level 3 in Armour
   950 | D:7      | Reached skill level 3 in Shields
   950 | D:7      | Reached skill level 3 in Unarmed Combat
   950 | D:7      | Reached skill level 3 in Evocations
   950 | D:7      | Slain by a bullfrog skeleton

Skill      XL: |  1  2  3  4  5  6  7  8 |
---------------+-------------------------+-----
Spellcasting   | 5 |  5.9
Fighting       | 1 2 3 |  3.0
Short Blades   | 1 2 3 |  3.0
Long Blades    | 1 2 3 |  3.0
Axes           | 1 2 3 |  3.0
Maces & Flails | 1 2 3 |  3.0
Polearms       | 1 2 3 |  3.0
Staves         | 1 2 3 |  3.0
Slings         | 1 2 3 |  3.0
Bows           | 1 2 3 |  3.0
Crossbows      | 1 2 3 |  3.0
Throwing       | 1 2 3 |  3.0
Armour         | 1 2 3 |  3.0
Shields        | 1 2 3 |  3.0
Unarmed Combat | 1 2 3 |  3.0
Invocations    | 1 2 3 |  3.3
Evocations     | 1 2 3 |  3.0
Conjurations   | 1 2 |  2.4
Hexes          | 1 2 |  2.4
Charms         | 1 2 |  2.4
Summonings     | 1 2 |  2.4
Translocations | 1 2 |  2.4
Transmutations | 1 2 |  2.4
Fire Magic     | 1 2 |  2.4
Ice Magic      | 1 2 |  2.4
Air Magic      | 1 2 |  2.4
Earth Magic    | 1 2 |  2.4
Poison Magic   | 1 2 |  2.4
Dodging        | 5 |  5.5
Stealth        | 5 |  5.2
Necromancy     | |  7.5

Action                   |  1- 3 |  4- 6 |  7- 9 || total
-------------------------+-------+-------+-------++-------
Melee: Unarmed           |     3 |       |       ||     3
       Dagger            |     1 |    17 |       ||    18
       Flail             |       |    25 |    39 ||    64
       Bite              |       |     5 |     5 ||    10
       Kick              |       |       |     6 ||     6
 Cast: Pain              |    33 |    15 |    13 ||    61
       Animate Skeleton  |     1 |       |     2 ||     3
       Regeneration      |     1 |     4 |     2 ||     7
       Vampiric Draining |       |     1 |     2 ||     3
       Borgnjor's Vile C |       |     1 |       ||     1
Evoke: Wand              |       |       |     2 ||     2
  Use: Potion            |       |     1 |     4 ||     5
       Scroll            |       |     1 |       ||     1
 Stab: Sleeping          |     1 |       |       ||     1
       Distracted        |       |       |     1 ||     1
  Eat: Chunk             |       |       |     1 ||     1
Armor: Robe              |     3 |    14 |    14 ||    31
Dodge: Dodged            |     6 |    39 |    74 ||   119

Table legend:
 A = Turns spent in this place as a percentage of turns spent in the entire game.
 B = Non-inter-level travel turns spent in this place as a percentage of non-inter-level travel turns spent in the entire game.
 C = Inter-level travel turns spent in this place as a percentage of turns spent in this place.
 D = Turns resting spent in this place as a percentage of non-inter-level travel turns spent in this place.
 E = Turns spent auto-exploring this place as a percentage of non-inter-level travel turns spent in this place.
 F = Non-inter-level travel turns spent in this place divided by the number of levels of this place that you've seen.
                   A       B       C       D       E      F
               +-------+-------+-------+-------+-------+----------------------
         Total | 100.0 | 100.0 |   5.1 |   0.0 |   0.0 | 112.8
       Dungeon |  94.9 |  96.0 |   4.0 |   0.0 |   0.0 | 123.7
        Temple |   5.1 |   4.0 |  25.0 |   0.0 |   0.0 |  36.0
               +-------+-------+-------+-------+-------+----------------------

Table legend:
 A = Kills in this place as a percentage of kills in entire the game.
 B = Kills by you in this place as a percentage of kills by you in the entire game.
 C = Kills by friends in this place as a percentage of kills by friends in the entire game.
 D = Other kills in this place as a percentage of other kills in the entire game.
 E = Experience gained in this place as a percentage of experience gained in the entire game.
 F = Experience gained in this place divided by the number of levels of this place that you have seen.
                   A       B       C       D       E      F
               +-------+-------+-------+-------+-------+----------------------
         Total | 100.0 | 100.0 | 100.0 |   N/A | 100.0 | 180.6
       Dungeon | 100.0 | 100.0 | 100.0 |   N/A | 100.0 | 206.4
               +-------+-------+-------+-------+-------+----------------------

Vault maps used:
D:1:      saegor_arrival_simple_b
D:2:      nemelex_altar_shiori, minitemple, first_ration
D:3:      kennysheep_generic_room_4, uniq_grinder
D:4:      guppyfry_shop_venom
D:5:      wad_pebble_path, nicolae_ashenzari_panopticon,
          minmay_temple_entry_grid, serial_shops, nicolae_shop_window_shopping,
          uniq_pikel, uniq_blork_the_orc
Temple:   nicolae_temple_god_jail
